 Dungeon Crawl Stone Soup version 5.2-56-g927a965 (webtiles) character file.

190 Charmandara the Martial Artist (level 6, -4/47 HPs)
             Began as a Draconian Transmuter on Dec 17, 2017.
             Killed by divine providence
             ... invoked by an orc priest
              (11 damage)
             ... on level 5 of the Dungeon.
             The game lasted 00:11:55 (3459 turns).

Charmandara the Martial Artist (DrTm)               Turns: 3459, Time: 00:11:56

Health: -4/47      AC:  2 (0%)Str: 17   XL:     6   Next: 95%
Magic:  3/3        EV: 19    Int: 15    God:
Gold:   246        SH:  0    Dex: 17    Spells: 3/9 levels left

rFire    . . .     SeeInvis .     - Unarmed
rCold    . . .     Faith    .   (shield currently unavailable)
rNeg     . . .     Spirit   .   (armour unavailable)
rPois    x         Reflect  .   (helmet currently unavailable)
rElec    .                      (cloak currently unavailable)
rCorr    .                      (gloves currently unavailable)
MR       .....                  (boots currently unavailable)
Stlth    ++........             (no amulet)
Regen    0.2/turn               (no ring)
MPRegen  0.2/turn               (no ring)

@: spider-form, very slightly contaminated
A: unfitting armour, low mp 1, strong, AC +6
a: End Transformation


You were on level 5 of the Dungeon.
You were not hungry.
You were a venomous arachnid creature.
You visited 1 branch of the dungeon, and saw 5 of its levels.

You collected 246 gold pieces.

Inventory:

Hand Weapons
 k - a +1 flail of crushing
   (You took it off Terence on level 3 of the Dungeon)
 l - a +0 whip of venom
   (You took it off an orc on level 3 of the Dungeon)
 q - a +2 dagger of holy wrath
   (You found it on level 4 of the Dungeon)
 r - a +2 mace of crushing
   (You found it on level 4 of the Dungeon)
Missiles
 a - 186 arrows
 b - 1149 stones (quivered)
Armour
 d - a +0 pair of gloves (melded)
   (You found it on level 1 of the Dungeon)
 n - a +0 cloak
   (You found it on level 3 of the Dungeon)
Jewellery
 e - an uncursed amulet of rage {+Rage, !d}
   (You found it on level 1 of the Dungeon)
Wands
 h - a wand of lightning (4)
 o - a wand of flame (8)
Scrolls
 c - 2 scrolls of blinking {!r}
 f - 2 scrolls of teleportation
 m - a scroll of magic mapping {!r}
 s - 2 scrolls of immolation {!r}
Potions
 g - 2 potions of heal wounds
 j - 2 potions of curing
 p - 2 potions of flight


   Skills:
 - Level 1.1 Fighting
 - Level 1.7 Dodging
 + Level 8.0 Unarmed Combat
 - Level 2.0 Spellcasting
 - Level 2.0 Transmutations


You had 3 spell levels left.
You knew the following spells:

 Your Spells              Type           Power        Failure   Level  Hunger
a - Beastly Appendage     Tmut           7 (50)       10%         1    N/A
c - Spider Form           Tmut           7 (200)      28%         3    N/A
s - Sticks to Snakes      Tmut/Summ      4 (100)      43%         2    N/A

Dungeon Overview and Level Annotations

Branches:
Dungeon (5/15)

Altars:
Dithmenos
Elyvilon
Okawaru
Sif Muna
Vehumet


Innate Abilities, Weirdness & Mutations

((Your plain brown scales are hard. (AC +6)))
Your body does not fit into most forms of armour.
((You are cold-blooded and may be slowed by cold attacks.))
Your magical capacity is low. (-10% MP)
Your muscles are strong. (Str +5)


Message History

You hit the quasit (5). You claw the quasit (2).
You kill the quasit!
An adder comes into view.
The adder hisses angrily.
Health restored: 47 An orc and an orc priest come into view.
The orc priest shouts!
The orc shouts!
An orc comes into view. It is wielding a +0 dagger.
Unknown command.
Casting: Sticks to Snakes Your talons disappear.
You turn into a venomous arachnid creature.
Your +0 pair of gloves melds into your body.
The adder completely misses your ball python.
You now have 3/3 mp.
Unknown command.
Okay, then.
You fade into invisibility!
The adder misses your ball python.
The orc priest begins to cast a cantrip, but forgets the words!
Unknown command.
Unknown command.
The adder closely misses your ball python.
Unknown command.
The orc completely misses you.
Unknown command.
You hit the orc priest but do no damage.
The orc priest is poisoned.
The orc barely misses you.
You catch the helpless orc completely off-guard!
You hit the orc (4).
The orc is poisoned.
The adder closely misses you.
Your ball python bites the orc but does no damage.
Your ball python barely misses the orc.
The orc barely misses your ball python. The orc misses you.
You barely miss the adder. The adder misses you.
Your ball python bites the orc but does no damage.
Your ball python closely misses the orc.
The orc closely misses your ball python.
The orc misses you. The ogre barely misses you.
You bite the ogre (7)!
The ogre is poisoned.
Your ball python bites the orc but does no damage.
Your ball python grabs the orc.
Your ball python constricts the orc (1).
The orc completely misses you. The orc hits your ball python (1).
The orc priest looks satisfied for a moment.
Your ball python bites the orc but does no damage.
Your ball python constricts the orc (0).
The adder misses you.
The orc closely misses your ball python.
The orc barely misses your ball python.
Unknown command.
Your ball python bites the orc (2).
The orc dies!
Your ball python constricts the orc (0).
Your ball python barely misses the adder.
Your ball python constricts the orc (0).
The orc hits your ball python but does no damage.
Unknown command.
You barely miss the ogre.
The ogre hits you with a +0 giant club (22)!!
Your ball python bites the orc (1).
Your ball python constricts the orc (0).
The orc hits your ball python but does no damage.
The orc priest hits your ball python (5).
Your ball python dies!
You take 22 damage, and have 25/47 hp.
MASSIVE DAMAGE!!
You flicker for a moment.
You hit the ogre (5).
The ogre looks even sicker.
The ogre hits you with a +0 giant club (6).
You take 6 damage, and have 19/47 hp.
Unknown command.
You flicker back into view.
The orc priest casts a cantrip, but nothing happens.
Unknown command.
The adder bites you (3). The adder misses you.
You take 3 damage, and have 17/47 hp.
Unknown command.
Unknown command.
You closely miss the adder. The adder misses you.
Unknown command.
You bite the adder (9)!
The adder is poisoned.
The adder barely misses you.
Unknown command.
You kill the adder!
Unknown command.
You kill the ogre!
Unknown command.
The orc priest looks braver for a moment.
You bite the orc (14)!
You kill the orc!
Your Unarmed Combat skill increases to level 8!
The orc priest invokes the aid of Beogh against you.
Pain shoots through your body (11)!
* * * LOW HITPOINT WARNING * * *
You see here a +0 dagger.
You take 11 damage, and have 7/47 hp.
MASSIVE DAMAGE!!
You barely miss the orc priest.
The orc priest mumbles some strange prayers to Beogh against you.
Beogh smites you (11)!
You die...

##########
#........#######
#........#.....##
#...............##
#................# #
#................# ...
#..oo.....[......#
#..##.#####).........#
#........so..........#
#...#.......##.........#
#.....########.........#
...### #.........# ..
#.........# #
#.........# ##.......##
##.....## ###....###


You could see an orc priest.

Vanquished Creatures
  An ogre (D:5)
  A quasit (D:5)
  A jelly (D:4)
  A hound (D:4)
  6 worker ants
  5 adders
  3 gnolls (D:3)
  An ooze (D:3)
  A dart slug (D:1)
  6 orcs
  3 quokkas
  6 bats
  4 giant cockroaches
  11 goblins
  3 hobgoblins
  3 jackals (D:2)
  3 frilled lizards (D:3)
  5 kobolds
  11 rats
75 creatures vanquished.

Vanquished Creatures (collateral kills)
  Terence (D:3)
  An orc (D:5)
  A frilled lizard (D:2)
3 creatures vanquished.

Grand Total: 78 creatures vanquished

Notes
Turn   | Place    | Note
-------+----------+-------------------------------------------
     0 | D:1      | Charmandara the Draconian Transmuter began the quest for the Orb.
     0 | D:1      | Reached XP level 1. HP: 16/16 MP: 3/3
    38 | D:1      | msp: i'm just interested in how younger people get into this stuff
    38 | D:1      | msp: i mean, i was playing moria in like 1986 with my dad's work buddies
    38 | D:1      | msp: and later with my own buddies from school
    38 | D:1      | msp: well, prob 87 but you know, roguelike games were contemporary
    38 | D:1      | Charmandara: Crawl was my first roguelike, and I was immediately enamored with the off-brand fantasy flavor, and the punishing difficulty
    38 | D:1      | Charmandara: Totally
    38 | D:1      | Charmandara: Had ultima even come out yet @ that point?
    79 | D:1      | msp: o sure
   178 | D:1      | msp: but the first ultima game i played was a NES game
   212 | D:1      | Reached XP level 2. HP: 20/23 MP: 4/4
   218 | D:1      | msp: these guys were unix nerds
   218 | D:1      | Charmandara: totally
   218 | D:1      | Charmandara: best nerds
   218 | D:1      | msp: i guess
   218 | D:1      | msp: sometimes i think i can get away from unix
   218 | D:1      | Charmandara: idk, I just really like the virtue of open source
   218 | D:1      | msp: but just when i think i'm out, that's when they pull me back in
   218 | D:1      | Charmandara: You mean using their OS?
   284 | D:1      | Gained mutation: You are clumsy. (Dex -5) [potion of mutation]
   284 | D:1      | Gained mutation: You have a pair of small horns on your head. [potion of mutation]
   285 | D:1      | Lost mutation: You are clumsy. (Dex -5) [potion of mutation]
   285 | D:1      | Lost mutation: You have a pair of small horns on your head. [potion of mutation]
   285 | D:1      | Gained mutation: Your muscles are strong. (Str +5) [potion of mutation]
   285 | D:1      | Gained mutation: Your magical capacity is low. (-10% MP) [potion of mutation]
   285 | D:1      | Gained mutation: You are clumsy. (Dex -5) [potion of mutation]
   285 | D:1      | Lost mutation: You are clumsy. (Dex -5) [potion of mutation]
   286 | D:1      | msp: i don't have the energy to spend a lot of time on OS stuff anymore, i kind of hate it
   286 | D:1      | Charmandara: I dabbled in arch for a minute
   286 | D:1      | Charmandara: and that's as deep as I got
   286 | D:1      | msp: but i have to program things and need that linux shit every time
   286 | D:1      | Charmandara: then I was like, nah, windows, I wanna play games with my friends
   286 | D:1      | msp: ya that's the right attitude...
   286 | D:1      | msp: i lost like a year and a half of graduate school to games on windows tbh
   286 | D:1      | msp: totally no-lifed tf2 and left 4 dead lol
   286 | D:1      | Charmandara: i don't even wanna estimate how many "kodak moments" i've passed up in favor of dying in crawl
   286 | D:1      | msp: as long as you pull yourself out of it eventually, w/e
   286 | D:1      | msp: that's about the time i was like... oh shit, i'm going to be bald in 5 years
   286 | D:1      | msp: which luckily turned out not to be totally true!
   286 | D:1      | Charmandara: haha i feel that
   286 | D:1      | Charmandara: damn dht
   756 | D:2      | Learned a level 2 spell: Sticks to Snakes
   832 | D:2      | Reached skill level 4 in Unarmed Combat
   991 | D:2      | Reached XP level 3. HP: 28/28 MP: 4/4
   992 | D:2      | Charmandara: when you play TM, when do you start forking skills>
   996 | D:2      | Charmandara: from UC?
  1121 | D:2      | msp: hm, idk
  1308 | D:2      | msp: these days i only do gnolls so i don't even worry about it
  1308 | D:2      | Charmandara: I feel like my problem with tms is I always fork too soon or too early
  1308 | D:2      | msp: i think i like to skill enough tm for spider and snakes
  1308 | D:2      | Charmandara: like either my damage is lacking
  1308 | D:2      | msp: then do spider for a while
  1308 | D:2      | Charmandara: or my defences/utility is lacking
  1308 | D:2      | msp: i think i something like 7 or 8 uc
  1308 | D:2      | msp: well, you have to spam s2s in lieu of srs defenses
  1308 | D:2      | Charmandara: true
  1308 | D:2      | msp: s2s is a bit weaker in hc because also summoning
  1308 | D:2      | Charmandara: but often I find myself with too low power s2s when I need it
  1311 | D:2      | Charmandara: like
  1311 | D:2      | msp: s2s is quite good in dcss, just annoying to use
  1311 | D:2      | Charmandara: o shit i could use my meat shields
  1311 | D:2      | Charmandara: wish i had trained tm at all
  1311 | D:2      | Charmandara: now that i'm on Shoals 3
  1448 | D:2      | msp: ya the key thing with these duration type spells is using them early before you're in trouble
  1511 | D:3      | Charmandara: I'll do that, but fail to summon anything that doesn't die immediately
  1561 | D:3      | msp: that's what i hate about swiftness
  1607 | D:3      | Noticed Terence
  1616 | D:3      | Reached XP level 4. HP: 31/35 MP: 5/5
  1620 | D:3      | msp: people are like, well it's okay because it costs a turn to use it as an escape
  1620 | D:3      | Charmandara: does nem work off inv or evo in hellcrawl?
  1620 | D:3      | msp: and it's like, actually... no, it doesn't, you're supposed to cast it before engaging
  1620 | D:3      | msp: invo i think
  1620 | D:3      | Charmandara: i think my fave char was a ghwr of nem
  1620 | D:3      | msp: nem is funny in dcss atm
  1620 | D:3      | msp: two panlords at once fam
  1620 | D:3      | msp: hc nem is not as good
  1620 | D:3      | msp: decks are always "ornate"
  1620 | D:3      | Charmandara: meh
  1620 | D:3      | Charmandara: That GhWr did the avarice (shoulda gone for lord of darkness or w/e too, but o well)
  1620 | D:3      | Charmandara: challenge in tourney
  1620 | D:3      | msp: o.o
  1620 | D:3      | Charmandara: Ramped evo to max
  1620 | D:3      | Charmandara: went back and lit up the shoals with hellfire
  1620 | D:3      | Charmandara: felt so good
  1620 | D:3      | Charmandara: nothing like stacked decks of war with like pent, blade, fort, elixer, elixer
  1629 | D:3      | Killed Terence
  1629 | D:3      | Reached skill level 5 in Unarmed Combat
  1891 | D:3      | Reached XP level 5. HP: 40/40 MP: 6/6
  1929 | D:3      | Found a white marble altar of Elyvilon.
  1936 | D:3      | Found a shadowy altar of Dithmenos.
  1980 | D:3      | Found a faded altar of an unknown god.
  2128 | D:3      | Reached skill level 6 in Unarmed Combat
  2673 | D:3      | Found a deep blue altar of Sif Muna.
  2676 | D:3      | Charmandara: i hate elvylion
  2676 | D:3      | Charmandara: even though they're good
  2676 | D:3      | Charmandara: think i should worship any of these gods?
  2676 | D:3      | msp: ya
  2676 | D:3      | msp: eh, i wouldn't
  2843 | D:4      | Learned a level 3 spell: Spider Form
  2856 | D:4      | Found a radiant altar of Vehumet.
  2857 | D:4      | msp: i like oka these days
  2868 | D:4      | Charmandara: yeah
  2868 | D:4      | msp: makh would be the powergaming choice for this guy tho
  2868 | D:4      | Charmandara: tru
  2886 | D:4      | Found an iron altar of Okawaru.
  2888 | D:4      | msp: doesn't do as much for a drac
  2888 | D:4      | Charmandara: yeah
  2888 | D:4      | msp: also develops a bit slow
  2888 | D:4      | Charmandara: but the passive UC boost is huge
  2888 | D:4      | msp: it is ya
  2888 | D:4      | Charmandara: ive gotten to runes with a few oka Dracs tho
  2888 | D:4      | Charmandara: and i think im ready for a change
  2888 | D:4      | Charmandara: let's go for mahkleb
  2888 | D:4      | Charmandara: and get serious
  2970 | D:4      | Reached XP level 6. HP: 45/47 MP: 7/7
  3006 | D:4      | Reached skill level 7 in Unarmed Combat
  3399 | D:5      | Entered Level 5 of the Dungeon
  3457 | D:5      | Reached skill level 8 in Unarmed Combat
  3458 | D:5      | HP: 7/47 [orc priest/nerve-wracking pain (11)]
  3459 | D:5      | Killed from afar by an orc priest

Skill      XL: |  1  2  3  4  5  6 |
---------------+-------------------+-----
Unarmed Combat | 4 5 6 8 |  8.0
Fighting       | |  1.1
Dodging        | |  1.7
Spellcasting   | |  2.0
Transmutations | |  2.0

Action                   |  1- 3 |  4- 6 || total
-------------------------+-------+-------++-------
Melee: Unarmed           |    96 |   111 ||   207
       Tailslap          |     8 |     9 ||    17
       Kick              |    13 |    25 ||    38
       Punch             |     1 |     1 ||     2
Throw: Stone             |       |     2 ||     2
 Cast: Beastly Appendage |     1 |       ||     1
       Sticks to Snakes  |     1 |    10 ||    11
       Spider Form       |       |     1 ||     1
  Use: Potion            |     2 |     1 ||     3
 Stab: Invisible         |       |     1 ||     1
       Sleeping          |       |     1 ||     1
Armor: Skin              |    24 |    29 ||    53
Dodge: Dodged            |    54 |    79 ||   133

Vault maps used:
D:1:      onia_arrival_mini_maze
D:3:      lemuel_coloured_pillars_altar, amethyst_overflow_temple_binary,
          chequers_ecumenical_altar_simple, uniq_terence
D:4:      vehumet_altar_wand_db, okawaru_trees_2
D:5:      minmay_misc_feat_roman, uniq_sigmund, uniq_eustachio

Table legend:
 A = Turns spent in this place as a percentage of turns spent in the entire game.
 B = Non-inter-level travel turns spent in this place as a percentage of non-inter-level travel turns spent in the entire game.
 C = Inter-level travel turns spent in this place as a percentage of turns spent in this place.
 D = Turns resting spent in this place as a percentage of non-inter-level travel turns spent in this place.
 E = Turns spent auto-exploring this place as a percentage of non-inter-level travel turns spent in this place.
 F = Non-inter-level travel turns spent in this place divided by the number of levels of this place that you've seen.
                   A       B       C       D       E      F
               +-------+-------+-------+-------+-------+----------------------
         Total | 100.0 | 100.0 |   0.6 |   2.0 |  10.2 | 168.2
       Dungeon | 100.0 | 100.0 |   0.6 |   2.0 |  10.2 | 168.2
               +-------+-------+-------+-------+-------+----------------------

Table legend:
 A = Kills in this place as a percentage of kills in entire the game.
 B = Kills by you in this place as a percentage of kills by you in the entire game.
 C = Kills by friends in this place as a percentage of kills by friends in the entire game.
 D = Other kills in this place as a percentage of other kills in the entire game.
 E = Experience gained in this place as a percentage of experience gained in the entire game.
 F = Experience gained in this place divided by the number of levels of this place that you have seen.
                   A       B       C       D       E      F
               +-------+-------+-------+-------+-------+----------------------
         Total | 100.0 | 100.0 | 100.0 |  -nan | 100.0 | 143.2
       Dungeon | 100.0 | 100.0 | 100.0 |  -nan | 100.0 | 143.2
               +-------+-------+-------+-------+-------+----------------------
